 Dungeon Crawl Stone Soup version 0.27-a0-412-g8dd771eca2 (webtiles) character file.

Game seed: 7215763972602947213

29497 snetch the Spear-Bearer (level 13, -8/171 (174) HPs)
             Began as a Minotaur Berserker on Feb 22, 2021.
             Was a High Priest of Trog.
             Mangled by a vault guard
             ... wielding a +0 great mace
              (17 damage)
             ... on level 13 of the Dungeon on Feb 23, 2021.
             The game lasted 00:58:43 (13461 turns).

snetch the Spear-Bearer (Minotaur Berserker)       Turns: 13461, Time: 00:58:46

HP:   -8/171 (174)  AC: 23    Str: 25    XL:     13   Next: 15%
MP:   12/12         EV:  9    Int:  4    God:    Trog [*****.]
Gold: 1235          SH:  0    Dex: 12    Spells: 12/12 levels left

rFire    . . .     SeeInvis .   c - +12 glaive of Prune {vorpal}
rCold    + + .     Faith    .   (shield currently unavailable)
rNeg     . . .     Spirit   .   Y - +3 plate armour {rC+}
rPois    .         Reflect  .   (helmet restricted)
rElec    .         Harm     .   (no cloak)
rCorr    .         Rampage  .   (no gloves)
Will     .....                  K - +0 pair of boots
Stlth    ..........             D - amulet of regeneration
HPRegen  1.38/turn              V - ring of protection from cold
MPRegen  0.13/turn              E - +4 ring of protection

@: berserking, lightly drained, very quick
A: retaliatory headbutt, horns 2
a: Renounce Religion, Berserk, Trog's Hand, Brothers in Arms


You were on level 13 of the Dungeon.
You worshipped Trog.
Trog was extremely pleased with you.
You visited 2 branches of the dungeon, and saw 15 of its levels.
You also visited: Sewer and Bailey.

You collected 1406 gold pieces.
You spent 171 gold pieces at shops.

Inventory:

Hand Weapons
 a - a +9 antimagic war axe
 b - the +10 hunting sling of Res Nullius {vorpal, rElec rF+++ Dex-2}
   (You found it on level 7 of the Dungeon)

   Any stone fired from it inflicts extra damage.
   It affects your dexterity (-2).
   It renders you almost immune to fire.
   It insulates you from electricity.
 c - the +12 glaive of Prune (weapon) {vorpal}
   (You found it on level 12 of the Dungeon)

   It inflicts extra damage upon your enemies.
Missiles
 e - 527 stones
 f - 137 sling bullets
 g - 99 poisoned darts
 k - 73 boomerangs (quivered)
 x - 5 silver boomerangs
 y - 10 curare-tipped darts
 z - 15 javelins
 R - 5 atropa-tipped darts
 T - 3 throwing nets
Armour
 t - the +2 robe of Bright Leaves {-Tele rC+ rN+ Int+3}
   (You found it in a bailey)

   It affects your intelligence (+3).
   It protects you from cold.
   It protects you from negative energy.
   It prevents most forms of teleportation.
 K - a +0 pair of boots (worn)
 X - a +0 kite shield
 Y - a +3 plate armour of cold resistance (worn)
Jewellery
 n - a ring of poison resistance
 D - an amulet of regeneration (around neck)
 E - a +4 ring of protection (right hand)
 P - a ring of see invisible
 S - a ring of resist corrosion
 V - a ring of protection from cold (left hand)
Wands
 d - a wand of mindburst (19)
 j - a wand of iceblast (12)
 s - a wand of paralysis (17)
 A - a wand of random effects (40)
 G - a wand of acid (19)
 H - a wand of digging (10)
 L - a wand of charming (9)
 N - a wand of flame (34)
Scrolls
 i - a scroll of immolation
 l - 2 scrolls of fog
 q - a scroll of enchant armour
 C - 10 scrolls of teleportation
 I - 3 scrolls of noise {unknown}
 M - 4 scrolls of blinking {unknown}
 U - 2 scrolls of fear
 W - 2 scrolls of magic mapping
 Z - 4 scrolls of random uselessness {unknown}
Potions
 h - 3 potions of attraction
 m - a potion of cancellation
 o - 2 potions of resistance
 p - 4 potions of flight
 r - 6 potions of curing {unknown}
 u - 2 potions of heal wounds
 v - 3 potions of might
 w - 4 potions of lignification
 B - 5 potions of degeneration {unknown}
 F - 3 potions of invisibility
 J - 3 potions of ambrosia
 Q - a potion of haste
Miscellaneous
 O - a lightning rod (4/4)


   Skills:
 + Level 11.5 Fighting
 + Level 9.6(13.6) Axes
 + Level 9.9(11.4) Maces & Flails
 + Level 12.6(13.8) Polearms
 + Level 7.9 Slings
 + Level 11.1 Armour
 + Level 3.7 Dodging
 + Level 1.3 Stealth
 - Level 7.5 Shields


You had 12 spell levels left.
You didn't know any spells.
Your spell library contained the following spells:

 Spells                   Type           Power        Failure   Level
 Apportation              Tloc           0%           99%         1
 Magic Dart               Conj           0%           99%         1
 Sandblast                Erth           0%           99%         1
 Sting                    Tmut/Pois      0%           99%         1
 Blink                    Tloc           N/A          100%        2
 Call Imp                 Summ           0%           100%        2
 Passwall                 Tmut/Erth      0%           100%        2
 Poisonous Vapours        Pois/Air       0%           100%        2
 Slow                     Hex            0%           100%        2
 Conjure Flame            Conj/Fire      0%           100%        3
 Ignite Poison            Fire/Tmut/Pois 0%           100%        3
 Lesser Beckoning         Tloc           0%           100%        3
 Mephitic Cloud           Conj/Pois/Air  0%           100%        3
 Stone Arrow              Conj/Erth      0%           100%        3
 Tukima's Dance           Hex            0%           100%        3
 Cause Fear               Hex            0%           100%        4
 Olgreb's Toxic Radiance  Pois           0%           100%        4
 Petrify                  Tmut/Erth      0%           100%        4
 Alistair's Intoxication  Tmut/Pois      0%           100%        5
 Lee's Rapid Deconstruct  Erth           0%           100%        5
 Silence                  Hex/Air        0%           100%        5
 Yara's Violent Unravell  Hex/Tmut       0%           100%        5
 Invisibility             Hex            0%           100%        6
 Discord                  Hex            0%           100%        8


Dungeon Overview and Level Annotations

Branches:
Dungeon (14/15)            Temple (1/1) D:5            Lair (0/6) D:10
    Orc (0/2) D:9          Vaults (0/5) D:13          Sewer (visited)
 Bailey (visited)

Altars:
Ashenzari
Cheibriados
Dithmenos
Elyvilon
Fedhas
Gozag
Hepliaklqana
Kikubaaqudgha
Makhleb
Nemelex Xobeh
Okawaru
Qazlal
Ru
Sif Muna
Trog
Uskayaw
Vehumet
Wu Jian
Xom
Yredelemnul
Zin
The Shining One
Jiyva

Shops:
D:10 *   D:12 :

Annotations:
D:2 elementals behind stone


Innate Abilities, Weirdness & Mutations

You reflexively headbutt those who attack you in melee.
You have a pair of horns on your head.


Message History

You feel the power of Trog in you as your rage grows.
You kill the human!
Trog accepts your kill.
A freezing mist starts to gather...
A human simulacrum comes into view.
The human's soul is no longer bound.
The vault guard hits you with a +0 great mace.
* * * LOW HITPOINT WARNING * * *
Something hits you.
* * * LOW HITPOINT WARNING * * *
The human hits you but does no damage.
You closely miss the human.
Unknown command.
Your plate armour prevents you from hitting something.
The human hits you but does no damage.
You hear some strange, mumbled words.
Your body is wracked with pain!
* * * LOW HITPOINT WARNING * * *
The vault guard closely misses you.
The human simulacrum hits you but does no damage.
You miss something. Something hits you but does no damage.
The human closely misses you. You furiously retaliate!
You headbutt the human!
The vault guard hits you but does no damage.
Unknown command.
You slice the human simulacrum!!
The human simulacrum vapourises!
The human hits you but does no damage. Something hits you but does no damage.
Unknown command.
You barely miss something.
The vault guard hits you but does no damage.
You slash something! Your headbutt misses something.
The vault guard's soul is no longer bound.
The human hits you but does no damage. Something hits you but does no damage.
You slash something! You headbutt something. Trog accepts your kill.
Trog appreciates your killing of a magic user.
Reactivating autopickup.
You feel a bit more experienced.
The vault guard hits you with a +0 great mace!
You die...

##.# #.# ###########
#.########.........#
#.##...............#
##.##.#############.#
......#(?...#....)#.# #######
......#?....'.....#.# #......
#.....#..∩..'..○).#.#
###.#####
...#..#)....'..)@.#.# #.....#
#...).#$:...#.[pp.#.#
##.....#
#.....########'''##.#
#......#
#.....#.)...#.....#.#
#......#
......#.....').†)†#.#
#......# #.†⌠..'..⌠..#.##
#.###### #.)...'....=#..#
#.#.## .
#.†...#....?#..###....####
...##'''########.}..........'


You could see a vault guard and a human.

Vanquished Creatures
  Snorg (D:11)
  2 boulder beetles
  A vault guard (D:13)
  A centaur warrior (D:13)
  2 two-headed ogres
  Sonja (D:11)
  An unseen horror (D:11)
  An obsidian statue (D:12)
  An orc knight (Bailey)
  3 wizards
  2 necromancers (D:13)
  An ugly thing (D:11)
  A centaur zombie (D:12)
  4 cyclopes
  Joseph (D:8)
  A kobold demonologist (D:12)
  A centaur skeleton (D:11)
  Psyche (D:9)
  A hornet (D:8)
  A polar bear (D:12)
  4 trolls
  A vampire (D:7)
  A water elemental (D:12)
  16 yaks (D:12)
  17 humans (D:13)
  2 vampire mosquitoes (D:13)
  3 steam dragons (D:11)
  A water moccasin (D:7)
  16 orc warriors
  Purgy (Sewer)
  A black bear (D:10)
  6 ice beasts
  4 necrophages
  3 sky beasts
  7 ogres
  A wolf (D:12)
  7 centaurs
  2 phantoms
  2 kobold brigands
  5 bullfrogs
  A wyvern zombie (D:13)
  A wyvern skeleton (D:10)
  A hornet simulacrum (D:12)
  A water moccasin skeleton (D:7)
  3 killer bees (D:12)
  11 wights
  3 electric eels (D:12)
  7 howler monkeys
  2 quasits
  A bullfrog zombie (D:12)
  6 jellies
  14 orc priests
  16 hounds
  2 gnoll shamans (D:8)
  2 bullfrog skeletons
  4 iguanas
  8 orc wizards
  9 worker ants
  2 bullfrog simulacra (D:12)
  A centaur simulacrum (D:12)
  A hound zombie (D:7)
  A hound skeleton (D:4)
  3 worker ant zombies
  12 gnolls
  15 adders
  4 river rats (D:5)
  8 white imps
  5 ufetubi
  An ooze (D:3)
  2 adder zombies
  2 worms
  4 dart slugs
  6 leopard geckos
  49 orcs
  18 bats
  4 giant cockroaches
  27 goblins
  16 hobgoblins
  6 jackals
  4 quokkas
  A ball python (D:4)
  6 frilled lizards
  A giant cockroach zombie (D:5)
  A jackal zombie (D:5)
  29 kobolds
  A leopard gecko skeleton (D:5)
  A quokka skeleton (D:5)
  A quokka zombie (D:7)
  6 rats
458 creatures vanquished.

Vanquished Creatures (collateral kills)
  3 ogre magi (D:12)
  A vampire mage (D:12)
  A wizard (D:12)
  A deep elf zephyrmancer (D:12)
  A deep elf pyromancer (D:12)
  An orc warrior (D:8)
  A gnoll sergeant (D:8)
  A gnoll shaman (D:8)
  An orc wizard (D:8)
  A gnoll (D:8)
  A white imp (D:12)
  2 hobgoblins (D:8)
  A kobold (D:8)
16 creatures vanquished.

Vanquished Creatures (others)
  A death yak (D:12)
  A sky beast (D:12)
  22 plants (D:8)
24 creatures vanquished.

Grand Total: 498 creatures vanquished

Notes
Turn   | Place    | Note
-------+----------+-------------------------------------------
     0 | D:1      | snetch the Minotaur Berserker began the quest for the Orb.
     0 | D:1      | Reached XP level 1. HP: 19/19 MP: 0/0
   375 | D:1      | Reached XP level 2. HP: 26/27 MP: 1/1
   540 | D:1      | Reached XP level 3. HP: 30/33 MP: 2/2
  1161 | D:2      | Reached ** piety under Trog
  1231 | D:2      | Reached XP level 4. HP: 30/41 MP: 3/3
  1456 | D:2      | Found a stormy altar of Qazlal.
  1457 | D:2      | Noticed a fire elemental
  1458 | D:2      | Noticed an earth elemental
  1458 | D:2      | Noticed an air elemental
  1458 | D:2      | Noticed a water elemental
  1507 | D:2      | Reached skill level 5 in Axes
  1535 | D:2      | Found a basalt altar of Yredelemnul.
  1631 | D:2      | Found a white marble altar of Elyvilon.
  1930 | D:4      | Noticed an orc warrior
  1940 | D:4      | Killed an orc warrior
  1941 | D:4      | Reached XP level 5. HP: 36/47 MP: 4/4
  1942 | D:4      | Reached skill level 5 in Fighting
  2092 | D:4      | Found a blossoming altar of Fedhas.
  2112 | D:3      | Reached XP level 6. HP: 56/56 MP: 5/5
  2295 | D:3      | Reached *** piety under Trog
  3056 | D:5      | Entered Level 5 of the Dungeon
  3153 | D:5      | Found a staircase to the Ecumenical Temple.
  3281 | D:5      | Noticed an ice beast
  3297 | D:5      | Killed an ice beast
  3298 | D:5      | Reached skill level 5 in Armour
  3298 | D:5      | Reached XP level 7. HP: 61/61 MP: 6/6
  3383 | D:5      | Found a glowing drain.
  3398 | D:5      | Reached **** piety under Trog
  3416 | Sewer    | Entered a sewer
  3484 | Sewer    | Noticed Purgy
  3497 | Sewer    | Killed Purgy
  3570 | D:5      | Found a hazy altar of Hepliaklqana.
  3761 | D:4      | Found a shimmering altar of Xom.
  4219 | D:6      | Reached XP level 8. HP: 61/70 MP: 7/7
  4404 | Temple   | Entered the Ecumenical Temple
  4926 | D:6      | Reached skill level 5 in Maces & Flails
  4969 | D:6      | Reached skill level 1 in Stealth
  5247 | D:7      | Found a blossoming altar of Fedhas.
  5268 | D:7      | Got a jewelled hunting sling
  5700 | D:7      | Reached ***** piety under Trog
  5754 | D:7      | Reached XP level 9. HP: 78/78 MP: 8/8
  6316 | D:7      | Identified the +10 hunting sling of Res Nullius {vorpal,
                  | rElec rF+++ Dex-2} (You found it on level 7 of the Dungeon)
  6753 | D:9      | Reached skill level 1 in Polearms
  6774 | D:9      | Found a broken altar of Ashenzari.
  6780 | D:9      | Found a glowing silver altar of Zin.
  6826 | D:8      | Reached skill level 2 in Polearms
  6829 | D:8      | Reached skill level 1 in Slings
  6893 | D:8      | Reached skill level 1 in Shields
  6905 | D:8      | Found a viscous altar of Jiyva.
  6956 | D:8      | Reached skill level 3 in Polearms
  7019 | D:8      | Reached skill level 4 in Polearms
  7029 | D:8      | Reached skill level 5 in Polearms
  7232 | D:8      | Reached XP level 10. HP: 72/88 MP: 9/9
  7273 | D:8      | Noticed Joseph
  7283 | D:8      | Killed Joseph
  7284 | D:8      | Reached skill level 6 in Polearms
  7592 | D:8      | Found a glowing golden altar of the Shining One.
  8010 | D:9      | Found a staircase to the Orcish Mines.
  8169 | D:10     | Entered Level 10 of the Dungeon
  8304 | D:9      | Noticed Psyche
  8314 | D:9      | Killed Psyche
  8783 | D:10     | Noticed a two-headed ogre
  8794 | D:10     | Killed a two-headed ogre
  8795 | D:10     | Reached skill level 7 in Polearms
  8861 | D:10     | Got a shadowed robe
  8874 | D:10     | Reached skill level 5 in Slings
  8942 | D:10     | Found a staircase to the Lair.
  8960 | D:10     | Received a gift from Trog
  9009 | D:10     | Identified the +1 robe of Disaster {Dex+5} (You found it on
                  | level 10 of the Dungeon)
  9093 | D:10     | Found Nomuzil's General Store.
  9107 | D:10     | Bought a scroll of identify for 30 gold pieces
  9107 | D:10     | Bought 8 javelins for 96 gold pieces
  9107 | D:10     | Bought a scroll of teleportation for 45 gold pieces
  9116 | D:11     | Noticed a red ugly thing
  9128 | D:11     | Killed a red ugly thing
  9217 | D:11     | Reached XP level 11. HP: 95/95 MP: 10/10
  9245 | D:11     | Found a flagged portal.
  9265 | Bailey   | Entered a bailey
  9282 | Bailey   | Noticed an orc knight
  9363 | Bailey   | Killed an orc knight
  9364 | Bailey   | Reached skill level 8 in Polearms
  9488 | Bailey   | Got a fabulously ornate robe
  9796 | D:11     | Noticed Snorg
  9801 | D:11     | Noticed Sonja
  9808 | D:11     | Killed Snorg
  9828 | D:11     | Killed Sonja
  9829 | D:11     | Reached skill level 5 in Shields
  9836 | D:11     | Noticed an unseen horror
  9839 | D:11     | Killed an unseen horror
  9889 | D:11     | Identified the +2 robe of Bright Leaves {-Tele rC+ rN+
                  | Int+3} (You found it in a bailey)
 10322 | D:10     | Received a gift from Trog
 10667 | D:12     | Reached skill level 9 in Polearms
 11009 | D:12     | Noticed a vampire mage
 11012 | D:12     | Killed a vampire mage
 11012 | D:12     | Noticed an ogre mage
 11014 | D:12     | Noticed an ogre mage
 11014 | D:12     | Noticed an ogre mage
 11015 | D:12     | Killed an ogre mage
 11017 | D:12     | Killed an ogre mage
 11018 | D:12     | Noticed a deep elf pyromancer
 11019 | D:12     | Noticed a wizard
 11021 | D:12     | Killed an ogre mage
 11022 | D:12     | Killed a deep elf pyromancer
 11022 | D:12     | Noticed a deep elf zephyrmancer
 11023 | D:12     | Killed a deep elf zephyrmancer
 11024 | D:12     | Reached skill level 10 in Polearms
 11024 | D:12     | Noticed a wizard
 11027 | D:12     | Killed a wizard
 11029 | D:12     | Killed a wizard
 11387 | D:12     | Reached XP level 12. HP: 102/106 MP: 11/11
 11400 | D:12     | Reached skill level 10 in Armour
 11432 | D:12     | Reached skill level 10 in Fighting
 11671 | D:12     | Noticed a death yak
 11680 | D:12     | Killed a death yak
 11684 | D:12     | Reached skill level 11 in Polearms
 11765 | D:13     | Received a gift from Trog
 11778 | D:13     | Reached ****** piety under Trog
 11862 | D:12     | Found Tomay's Book Shoppe.
 12328 | D:12     | Noticed a boulder beetle
 12359 | D:12     | Killed a boulder beetle
 12781 | D:12     | Found the +12 glaive of Prune {vorpal}
 12789 | D:12     | Upgraded the game from 0.27-a0-406-g23f261fbd2 to
                  | 0.27-a0-412-g8dd771eca2
 12903 | D:13     | Noticed a two-headed ogre
 12905 | D:13     | Noticed a boulder beetle
 12908 | D:13     | Killed a two-headed ogre
 12918 | D:13     | Killed a boulder beetle
 12980 | D:13     | Noticed a centaur warrior
 12991 | D:13     | Killed a centaur warrior
 13371 | D:13     | Reached skill level 12 in Polearms
 13375 | D:13     | Reached XP level 13. HP: 111/116 MP: 12/12
 13435 | D:13     | Found a gate to the Vaults.
 13454 | D:13     | HP: 6/169 [vault guard/+0 great mace (4)]
 13461 | D:13     | Mangled by a vault guard

Illustrated notes

Levels and vault maps discovered:
D:1:      minmay_arrival_diagonal_passages, layout_basic,
          chequers_serial_rivers_large_b, hangedman_decor_points,
          amcnicky_mini_corridor_feature
D:2:      layout_basic, kennysheep_ying_yang, nicolae_qazlal_style_of_elements,
          minmay_misc_feat_tower
D:3:      layout_basic, st_stairs_4, minmay_box_of_dots
D:4:      layout_cave_pools, xom_teletrap_fun, hangedman_decor_clover_reticule,
          fedhas_altar_2
D:5:      layout_loops_cross, nzn_hepliaklqana_mist_gate, temple_pool_b,
          portal_sewer_entry_b
D:6:      layout_gridville, minmay_ogre_servants
D:7:      minmay_octagon_keep, layout_cave_pods, overflow_temple_1_default,
          lightli_corner_chamber
D:8:      kennysheep_housing_project, layout_loops_ring,
          nicolae_overflow_hidden_temple, jiyva_altar_1, uniq_joseph
D:9:      layout_big_octagon, grunt_temple_overflow_open, serial_column_ruins,
          column_ruins_hut_ruined, column_ruins_hut, column_ruins_open_tiny,
          column_ruins_columns_straight, column_ruins_columns_dead_end,
          column_ruins_grid_2, column_ruins_corridor_straight,
          column_ruins_columns_plus, column_ruins_columns_T,
          minmay_misc_feat_four_crosses, minivault_25, roderic_batcave,
          uniq_psyche
D:10:     layout_irregular_city, erik_lair_island, serial_shops, shop
D:11:     cheibrodos_steamvent, layout_cave_pools, enter_bailey_5, uniq_sonja,
          uniq_snorg
D:12:     layout_gridville, serial_ice, serial_ice_d, serial_ice_c,
          serial_ice_f, serial_ice_h, serial_ice_j, serial_ice_o, serial_ice_b,
          serial_shops, shop, minivault_16, minmay_guarded_unrand_prune
D:13:     layout_loops_corners, grunt_vaults_entry_tiered
D:14:     cheibrodos_lost_city_excavation, layout_rooms,
          hangedman_abyss_or_decor_stabs, hangedman_decor_riveting,
          minmay_shattered_shrine, uniq_azrael, uniq_roxanne, uniq_kirke,
          uniq_nessos
Temple:   nicolae_temple_figure_eight

Skill      XL: |  1  2  3  4  5  6  7  8  9 10 11 12 |
---------------+-------------------------------------+-----
Fighting       | 4 5 6 7 8 9 11 | 11.5
Axes           | 4 5 7 8 9 |  9.6
Armour         | 3 4 5 7 8 9 11 | 11.1
Maces & Flails | 4 8 9 |  9.9
Stealth        | 1 |  1.3
Polearms       | 5 7 10 12 | 12.6
Slings         | 1 5 6 7 |  7.9
Shields        | 2 4 6 7 |  7.5
Dodging        | 3 |  3.7

Action                   |  1- 3 |  4- 6 |  7- 9 | 10-12 | 13-15 || total
-------------------------+-------+-------+-------+-------+-------++-------
Melee: Hand axe          |    63 |    51 |       |    39 |       ||   153
       Headbutt          |    10 |    27 |    75 |   118 |     6 ||   236
       War axe           |       |    52 |       |    42 |       ||    94
       Flail             |       |    29 |   248 |       |       ||   277
       Trident           |       |       |   124 |   476 |       ||   600
       Glaive            |       |       |       |    69 |    41 ||   110
 Fire: Hunting sling     |       |       |    12 |   146 |       ||   158
Invok: Berserk           |       |     1 |     2 |     3 |     1 ||     7
       Trog's Hand       |       |       |     2 |     5 |       ||     7
       Brothers in Arms  |       |       |     1 |     1 |       ||     2
Evoke: Wand              |       |       |       |     1 |       ||     1
  Use: Scroll            |       |       |       |    20 |       ||    20
       Potion            |       |       |       |     3 |       ||     3
Armor: Animal skin       |     4 |       |       |       |       ||     4
       Ring mail         |     7 |       |       |       |       ||     7
       Plate armour      |    45 |    97 |   306 |   424 |    53 ||   925
Dodge: Dodged            |    36 |    55 |   137 |   183 |     9 ||   420
Block: Buckler           |       |       |    34 |     3 |       ||    37
       Kite shield       |       |       |       |   290 |       ||   290

Table legend: (Time is in decaauts)
 A = Elapsed time spent in this place.
 B = Non-inter-level travel time spent in this place.
 C = Inter-level travel time spent in this place.
 D = Time resting spent in this place.
 E = Time spent auto-exploring this place.
 F = Levels seen in this place.
 G = Mean time per level.
                   A        B        C        D        E       F      G
               +--------+--------+--------+--------+--------+-----+--------+
         Total |  13647 |  12315 |   1332 |    146 |   7456 |  17 |  802.8 |
       Dungeon |  12841 |  11519 |   1322 |    146 |   7064 |  14 |  917.2 |
        Temple |    214 |    204 |     10 |      0 |    203 |   1 |  214.0 |
         Sewer |    148 |    148 |      0 |      0 |     59 |   1 |  148.0 |
        Bailey |    442 |    442 |      0 |      0 |    130 |   1 |  442.0 |
               +--------+--------+--------+--------+--------+-----+--------+

Top non-repeatable levels by time:
    D:12: 1508 daAuts
     D:8: 1281 daAuts
     D:7: 1178 daAuts
     D:1: 1062 daAuts
     D:3: 1002 daAuts
    D:10: 988 daAuts
     D:6: 967 daAuts
     D:9: 960 daAuts
    D:11: 912 daAuts
     D:2: 861 daAuts
     D:5: 802 daAuts
    D:13: 709 daAuts
     D:4: 605 daAuts
  Bailey: 442 daAuts
  Temple: 214 daAuts
